 Dungeon Crawl Stone Soup version 0.30-a0-989-g0d87f670db (webtiles) character file.

Game seed: 9193973757960588756

88 Theotherone the Chopper (level 4, -1/39 HPs)
             Began as a Minotaur Berserker on Apr 3, 2023.
             Was a Follower of Trog.
             Slain by a gnoll
             ... wielding a +0 halberd
              (9 damage)
             ... on level 2 of the Dungeon.
             The game lasted 00:02:35 (1531 turns).

Theotherone the Chopper (Minotaur Berserker)        Turns: 1531, Time: 00:02:35

Health: -1/39      AC:  3    Str: 24    XL:     4   Next: 30%
Magic:  3/3        EV: 11    Int:  4    God:    Trog [*.....]
Gold:   92         SH:  0    Dex:  9    Spells: 3/3 levels left

rFire   . . .      SeeInvis .    a - +0 hand axe
rCold   . . .      Faith    .    (no shield)
rNeg    . . .      Spirit   .    k - +0 leather armour
rPois   .          Reflect  .    (helmet restricted)
rElec   .          Rampage  .    (no cloak)
rCorr   .                        (no gloves)
Will    ++...                    (no boots)
Stlth   +                        (no amulet)
HPRegen 1.26/turn                (no ring)
MPRegen 0.08/turn                (no ring)

@: strong-willed, regenerating
A: horns 2, retaliatory headbutt
a: Renounce Religion, Berserk


You were on level 2 of the Dungeon.
You worshipped Trog.
Trog was aware of your devotion.
You visited 1 branch of the dungeon, and saw 2 of its levels.

You collected 92 gold pieces.

Inventory:

Hand Weapons
 a - a +0 hand axe (weapon)
 m - a +0 flail
Armour
 b - a +0 animal skin
 k - a +0 leather armour (worn)
Jewellery
 j - an amulet of regeneration
 n - a ring of willpower
Scrolls
 c - 3 scrolls of fog {unknown}
 d - 3 scrolls of vulnerability {unknown}
 e - a scroll of teleportation {unknown}
 g - a scroll of amnesia {unknown}
 h - 2 scrolls of identify {unknown}
Potions
 f - a potion of mutation {unknown}
 i - 2 potions of resistance {unknown}
 l - 2 potions of attraction {unknown}


   Skills:
 - Level 3.6 Fighting
 + Level 6.2 Axes
 - Level 2.4 Armour
 - Level 2.1 Dodging


You had 3 spell levels left.
You didn't know any spells.
Your spell library was empty.

Dungeon Overview and Level Annotations

Branches:
Dungeon (2/15)

Altars:


Innate Abilities, Weirdness & Mutations

You have a pair of horns on your head.
You reflexively headbutt those who attack you in melee.


Message History

You hear a shout!
The gnoll closely misses you.
You hear an angry hiss.
You hit the gnoll.
The gnoll is severely wounded.
The gnoll completely misses you.
You hit the gnoll but do no damage.
The gnoll is severely wounded.
The gnoll hits you with a +0 hand axe.
The gnoll hits you from afar with a +0 halberd.
You barely miss the gnoll.
The gnoll is severely wounded.
The gnoll hits you with a +0 hand axe. The gnoll barely misses you.
You hit the gnoll. You headbutt the gnoll.
You kill the gnoll!
Trog accepts your kill.
The gnoll throws a poisoned dart.
The poisoned dart misses you. The gnoll hits you with a +0 halberd!
Things that are here:
a +0 hand axe; a brown potion; a gnoll corpse You closely miss the gnoll.
The gnoll closely misses you. You furiously retaliate!
You headbutt the gnoll. You slash the gnoll!
The gnoll is severely wounded.
The gnoll closely misses you.
You closely miss the gnoll.
The gnoll is severely wounded.
The gnoll misses you.
You hit the gnoll.
The gnoll is almost dead.
The gnoll hits you with a +0 halberd!
* * * LOW HITPOINT WARNING * * *
You barely miss the gnoll.
The gnoll is almost dead.
The gnoll barely misses you.
Your skin crawls.
You feel strong-willed.
You can no longer call upon Trog for regeneration and willpower.
The gnoll hits you with a +0 halberd!
You die...

## .. ##
.##
#.....
#.#.###
#.g..#
#@# #
#)# # #
#†# #
#.##.###
#
#......#
### ####
####.#.#
#.. #...
#.#.#
#.# #...
#.#.#
#.#
#####...
#.#.#
#.#
#.......


You could see a gnoll.

Vanquished Creatures
  5 gnolls (D:2)
  6 bats
  2 endoplasms (D:1)
  3 giant cockroaches
  6 goblins
  4 hobgoblins (D:1)
  2 quokkas (D:1)
  4 ball pythons
  3 frilled lizards
  4 kobolds
39 creatures vanquished.

Notes
Turn   | Place    | Note
-------+----------+-------------------------------------------
     0 | D:1      | Theotherone the Minotaur Berserker began the quest for the
                  | Orb.
     0 | D:1      | Reached XP level 1. HP: 19/19 MP: 0/0
    67 | D:1      | Reached skill level 4 in Axes
   282 | D:1      | Reached XP level 2. HP: 23/26 MP: 1/1
   678 | D:1      | Reached skill level 5 in Axes
   810 | D:1      | Reached XP level 3. HP: 31/31 MP: 2/2
  1185 | D:2      | Reached ** piety under Trog
  1193 | D:2      | HP: 2/46 [gnoll/+0 spear (7)]
  1364 | D:2      | Reached XP level 4. HP: 39/39 MP: 3/3
  1513 | D:2      | Reached skill level 6 in Axes
  1531 | D:2      | Slain by a gnoll

Illustrated notes

Levels and vault maps discovered:
D:1:      nzn_arrival_water_spiral, layout_loops_corners, minmay_circled_x
D:2:      layout_loops_ring, nicolae_concentric_dashed_squares_mild,
          minmay_cut_off, uniq_crazy_yiuf_cottage

Skill      XL: |  1  2  3  4 |
---------------+-------------+-----
Axes           | 4 5 6 |  6.2
Fighting       | |  3.6
Armour         | |  2.4
Dodging        | |  2.1

Action                     |  1- 3 |  4- 6 || total
---------------------------+-------+-------++-------
  Melee: Hand axe          |    82 |    16 ||    98
         Headbutt          |     9 |     1 ||    10
         Punch             |       |     1 ||     1
 Invoke: Berserk           |     1 |       ||     1
         Trog's Hand       |       |     1 ||     1
 Armour: Animal skin       |    15 |       ||    15
         Leather armour    |     9 |       ||     9
  Dodge: Dodged            |    65 |    13 ||    78

Table legend: (Time is in decaauts)
 A = Elapsed time spent in this place.
 B = Non-inter-level travel time spent in this place.
 C = Inter-level travel time spent in this place.
 D = Time resting spent in this place.
 E = Time spent auto-exploring this place.
 F = Levels seen in this place.
 G = Mean time per level.
                   A        B        C        D        E       F      G
               +--------+--------+--------+--------+--------+-----+--------+
         Total |   1545 |   1543 |      2 |    216 |   1087 |   2 |  772.5 |
       Dungeon |   1545 |   1543 |      2 |    216 |   1087 |   2 |  772.5 |
               +--------+--------+--------+--------+--------+-----+--------+

Top non-repeatable levels by time:
     D:1: 1087 daAuts
     D:2: 457 daAuts
